 Dungeon Crawl Stone Soup version bcrawl-1.21.3 (webtiles) character file.

Game seed: 14905193369896071492

42 Flugslaktarn the Sneak (level 3, 0/23 HPs)
             Began as a Skeleton Archaeologist on Mar 30, 2020.
             Slain by a worm (10 damage)
             ... on level 2 of the Dungeon.
             The game lasted 00:00:50 (1590 turns).

Flugslaktarn the Sneak (Skeleton Archaeologist)     Turns: 1590, Time: 00:00:51

Health: 0/23       AC:  6    Str: 16 (18) XL:     3   Next: 33%
Magic:  0/3        EV: 12    Int: 12      God:
Gold:   82         SH:  0    Dex:  5 (7)  Spells: 2/2 levels left

rFire    . . .     SeeInvis .   h - -1 spear (curse)
rCold    + . .     Gourm    .   (no shield)
rNeg     + + +     Faith    .   b - +1 robe
rPois    ∞         Spirit   +   c - +1 hat
rElec    .         Reflect  .   (no cloak)
rCorr    .         Harm     .   (no gloves)
MR       .....                  d - +1 pair of boots
Stlth    ++........             (no amulet)
HPRegen  0.07/turn              (no ring)
MPRegen  0.08/turn              (no ring)

@: no status effects
A: no food or potions, cold resistance 1, deterioration 1, negative energy
resistance 3, torment resistance, unbreathing, magic shield, sturdy frame 1,
spell healing
a: no special abilities


You were on level 2 of the Dungeon.
You were not hungry.

You visited 1 branch of the dungeon, and saw 2 of its levels.

You collected 82 gold pieces.

Inventory:

Hand Weapons
 a - a +0 whip
 h - a cursed -1 spear (weapon)
   (You found it on level 1 of the Dungeon)
Armour
 b - a +1 robe (worn)
 c - a +1 hat (worn)
 d - a +1 pair of boots (worn)
Scrolls
 e - a scroll of magic mapping
 g - 3 scrolls of identify {unknown}
 i - a scroll of fear {unknown}
 j - a scroll of amnesia {unknown}
Miscellaneous
 f - a dusty tome


   Skills:
 + Level 3.3 Fighting
 - Level 1.2 Maces & Flails
 - Level 3.0 Dodging
 - Level 3.6 Stealth


You had 2 spell levels left.
You didn't know any spells.
Your spell library was empty.

Dungeon Overview and Level Annotations

Branches:
Dungeon (2/12)

Altars:

Annotations:
D:2 Sigmund


Innate Abilities, Weirdness & Mutations

You do not eat or drink.
You are immune to poison.
Your flesh is cold resistant. (rC+)
Your body sometimes deteriorates upon taking damage.
You are immune to negative energy. (rN+++)
You are immune to unholy pain and torment.
You can survive without breathing.
When hurt, damage is shared between your health and your magic reserves.
Your movements are slightly less encumbered by armour. (ER -2)
Casting spells heals you.


Message History

You hit the worm.
The worm is lightly wounded.
The frilled lizard misses you. The worm closely misses you.
You hit the worm.
The worm is moderately wounded.
The frilled lizard bites you but does no damage.
You hit the worm.
The worm is severely wounded.
The frilled lizard bites you but does no damage.
The worm misses you.
You barely miss the worm.
The worm is severely wounded.
The frilled lizard barely misses you. The worm bites you.
You barely miss the worm.
The worm is heavily wounded.
The frilled lizard barely misses you.
You hit the worm.
The worm is severely wounded.
The frilled lizard barely misses you. The worm bites you!
You die...

###.#.# #.###### ...#.#
#....... #.#.#
###########
.####...######.....#####
...........†............
...#...######.###.#####
#...# .. #.# #.# #.#<#.#
#.# #.# #.#@w.# #.# #.#
# #†l.# #.# #.# #<..#
#.# #.# #.#.# #.# #.#
#.... ..# #..... #.....#
####..#


You could see a worm and a frilled lizard.

Vanquished Creatures
  A dart slug (D:1)
  3 leopard geckos (D:1)
  2 giant cockroaches (D:2)
  3 goblins (D:1)
  3 hobgoblins (D:1)
  3 quokkas
  2 ball pythons
  8 bats
  4 frilled lizards
  2 kobolds (D:2)
  4 rats (D:1)
35 creatures vanquished.

Notes
Turn   | Place    | Note
-------+----------+-------------------------------------------
     0 | D:1      | Flugslaktarn the Skeleton Archaeologist began the quest for
                  | the Orb.
     0 | D:1      | Reached XP level 1. HP: 12/12 MP: 1/1
   250 | D:1      | Reached XP level 2. HP: 17/17 MP: 2/2
  1069 | D:1      | Reached XP level 3. HP: 22/23 MP: 3/3
  1432 | D:2      | Noticed Sigmund
  1590 | D:2      | Slain by a worm

Skill      XL: |  1  2 |
---------------+-------+-----
Fighting       | 2 3 |  3.3
Maces & Flails | |  1.2
Dodging        | |  3.0
Stealth        | |  3.6

Action                   || total
-------------------------++-------
Melee: Spear             ||   192
       Whip              ||     2
 Stab: Sleeping          ||     5
Armor: Robe              ||    66
Dodge: Dodged            ||   118
